 Dungeon Crawl Stone Soup version 0.31-a0-1370-gf52a5a9ab3 (webtiles) character file.

Game seed: 545922856397157273

23 grandjackal the Slasher (level 2, 0/25 HPs)
             Began as a Draconian Gladiator on Dec 24, 2023.
             Slain by an adder (3 damage)
             ... on level 2 of the Dungeon.
             The game lasted 00:00:37 (467 turns).

grandjackal the Slasher (Draconian Gladiator)        Turns: 467, Time: 00:00:37

Health: 0/25       AC:  4    Str: 16    XL:     2   Next: 72%
Magic:  2/2        EV: 12    Int:  8    God:
Gold:   13         SH:  0    Dex: 12    Spells: 1/1 levels left

rFire   . . .        a - +0 long sword
rCold   . . .        (no shield)
rNeg    . . .        (body armour unavailable)
rPois   .            b - +0 hat
rElec   .            (no cloak)
rCorr   .            (no gloves)
SInv    .            (no boots)
Will    .....        (no amulet)
Stlth   +            (no ring)
HPRegen 0.24/turn    (no ring)
MPRegen 0.08/turn

%: no passive effects
@: lethally poisoned (0 -> -3)
A: AC +4, unfitting armour, cold-blooded
a: no special abilities


You were on level 2 of the Dungeon.
You visited 1 branch of the dungeon, and saw 2 of its levels.

You collected 13 gold pieces.

Inventory:

Hand Weapons
 a - a +0 long sword (weapon)
Missiles
 c - 3 throwing nets (quivered)
 d - a javelin
Armour
 b - a +0 hat (worn)
Scrolls
 e - 3 scrolls of amnesia {unknown}
 f - a scroll of identify {unknown}
 g - a scroll of poison {unknown}
 i - a scroll of noise {unknown}
Potions
 h - a potion of degeneration {unknown}


   Skills:
 + Level 2.7 Fighting
 + Level 3.3 Long Blades
 - Level 2.0 Throwing
 + Level 3.0 Dodging


You had one spell level left.
You didn't know any spells.
Your spell library was empty.

Dungeon Overview and Level Annotations

Branches:
Dungeon (2/15)

Altars:

Shops:
D:1 [?


Innate Abilities, Weirdness & Mutations

Your plain brown scales are hard. (AC +4)
You cannot fit into any form of body armour.
You are cold-blooded and may be slowed by cold attacks.


Message History

The rat squeaks loudly.
You hear an angry hiss.
A hobgoblin comes into view.
You enter the shallow water.
Moving in this stuff is going to be slow.
The adder hisses angrily.
You miss the adder. The adder barely misses you. The adder bites you.
You closely miss the adder.
Your tail-slap misses the adder.
You punch the adder, but do no damage. The adder barely misses you.
An adder comes into view.
The adder barely misses you. The adder completely misses you.
The adder completely misses you.
You hit the rat.
You kill the rat!
The adder bites you.
You closely miss the adder.
Your tail-slap misses the adder.
You barely miss the adder. The adder bites you but does no damage.
The hobgoblin barely misses you. The adder bites you.
You hit the adder but do no damage. The adder bites you but does no damage.
The adder closely misses you. The adder bites you but does no damage.
You barely miss the adder.
The adder bites you but does no damage. x2
The adder bites you.
You miss the adder.
Your tail-slap misses the adder.
The adder closely misses you. The adder bites you but does no damage.
The adder bites you. The adder barely misses you.
You miss the adder. The adder bites you. x2
The adder bites you but does no damage.
You closely miss the adder. The adder bites you.
You are poisoned.
The adder poisons you! The adder bites you but does no damage.
The adder misses you.
You hit the adder. You tail-slap the adder.
The adder is heavily wounded.
You feel sick. The adder bites you.
The adder bites you but does no damage. x2
The adder bites you.
* * * LOW HITPOINT WARNING * * *
You hit the adder but do no damage.
The adder is heavily wounded.
* * * LOW HITPOINT WARNING * * *
You feel sick. The adder barely misses you. The adder bites you.
You die...

# #...#.#.......#
..#.............#
......~~........#
.....~⌠...†.....#
...#.~.~........#
....S...........#
...###.#g.......# .
#.#S#+#+####
#.#@S.#.#
#.###.#.#########
#.......#.#.....#
#####.###.#.##.#####
####.#.....#.......
#....#.############
#.####.## #.......#
#########


You could see 2 adders and a hobgoblin.

Vanquished Creatures
  3 ball pythons
  A bat (D:1)
  5 endoplasms (D:1)
  A giant cockroach (D:1)
  4 goblins (D:1)
  2 hobgoblins (D:1)
  3 rats
19 creatures vanquished.

Notes
Turn   | Place    | Note
-------+----------+-------------------------------------------
     0 | D:1      | grandjackal the Draconian Gladiator began the quest for the
                  | Orb.
     0 | D:1      | Reached XP level 1. HP: 17/17 MP: 1/1
    56 | D:1      | Found Jig Sikh's Magic Scroll Shoppe.
    59 | D:1      | Reached XP level 2. HP: 25/25 MP: 2/2
   212 | D:1      | Found Kengoxotea's Antique Armour Shoppe.
   467 | D:2      | Slain by an adder

Illustrated notes

Levels and vault maps discovered:
D:1:      dpeg_arrival_stonehenge_12_columns, layout_rooms, serial_shops,
          nicolae_diamond_shop, nicolae_shop_tiny_waterfront
D:2:      layout_basic, corexii_leaking_fountain, hex_medium,
          minmay_tetromino_l2, uniq_terence

Skill      XL: |  1  2 |
---------------+-------+-----
Throwing       | 2 |  2.0
Dodging        | 3 |  3.0
Fighting       | |  2.7
Long Blades    | |  3.3

Action                     || total
---------------------------++-------
  Melee: Long sword        ||    41
         Tailslap          ||     4
         Punch             ||     1
   Stab: Sleeping          ||     1
 Armour: Skin              ||    34
  Dodge: Dodged            ||    30

Table legend: (Time is in decaauts)
 A = Elapsed time spent in this place.
 B = Non-inter-level travel time spent in this place.
 C = Inter-level travel time spent in this place.
 D = Time resting spent in this place.
 E = Time spent auto-exploring this place.
 F = Levels seen in this place.
 G = Mean time per level.
                   A        B        C        D        E       F      G
               +--------+--------+--------+--------+--------+-----+--------+
         Total |    477 |    466 |     11 |      0 |    347 |   2 |  238.5 |
       Dungeon |    477 |    466 |     11 |      0 |    347 |   2 |  238.5 |
               +--------+--------+--------+--------+--------+-----+--------+

Top non-repeatable levels by time:
     D:1: 389 daAuts
     D:2: 88 daAuts
